 Dungeon Crawl Stone Soup version 0.25.1-8-g42b30a86e7 (webtiles) character file.

Game seed: 2605228205384962881

1751 Steadysplat the Skirmisher (level 8, -2/78 HPs)
             Began as a Deep Dwarf Wanderer on Dec 6, 2020.
             Was a Believer of Makhleb.
             Slain by an ogre
             ... wielding a +0 giant club
              (22 damage)
             ... on level 6 of the Dungeon.
             The game lasted 00:19:21 (5998 turns).

Steadysplat the Skirmisher (Deep Dwarf Wanderer)    Turns: 5998, Time: 00:19:21

Health: -2/78      AC: 10    Str: 18    XL:     8   Next: 78%
Magic:  6/6        EV: 13    Int: 13    God:    Makhleb [**....]
Gold:   289        SH:  0    Dex: 12    Spells: 7/7 levels left

rFire    . . .     SeeInvis +   a - +2 spear
rCold    . . .     Gourm    .   (no shield)
rNeg     . . .     Faith    .   m - +0 ring mail
rPois    .         Spirit   .   q - +0 helmet
rElec    .         Reflect  .   u - +0 cloak
rCorr    +         Harm     .   x - +0 pair of gloves
MR       +....                  (no boots)
Stlth    +.........             y - amulet of the acrobat
HPRegen  0.00/turn              j - ring of resist corrosion
MPRegen  0.10/turn              A - ring of see invisible

@: lethally poisoned (-2 -> -2), non-regenerating
A: damage resistance, heal wounds, sense surroundings 1, no regeneration
a: Heal Wounds, Minor Destruction, Renounce Religion


You were on level 6 of the Dungeon.
You worshipped Makhleb.
Makhleb was pleased with you.
You were hungry.

You visited 2 branches of the dungeon, and saw 8 of its levels.
You also visited: Ossuary.

You collected 289 gold pieces.

Inventory:

Hand Weapons
 a - a +2 spear (weapon)
 d - a +0 hand axe
Missiles
 z - 12 poisoned darts (quivered)
Armour
 c - a +0 tower shield
 m - a +0 ring mail (worn)
 q - a +0 helmet (worn)
 u - a +0 cloak (worn)
 x - a +0 pair of gloves (worn)
Jewellery
 j - a ring of resist corrosion (left hand)
 v - an uncursed amulet of magic regeneration
 y - an amulet of the acrobat (around neck)
 A - a ring of see invisible (right hand)
 F - an uncursed ring of ice
 J - an uncursed ring of magical power
Wands
 s - a wand of iceblast (3)
Scrolls
 b - 5 scrolls of teleportation
 e - 2 scrolls of noise
 i - 2 scrolls of enchant armour {unknown}
 k - 2 scrolls of fear
 l - 2 scrolls of immolation {unknown}
 n - 2 scrolls of remove curse
 r - 2 scrolls of magic mapping
 t - a scroll of random uselessness {unknown}
 w - a scroll of amnesia {unknown}
 E - a scroll of fog
 G - a scroll of enchant weapon
 I - a scroll of vulnerability
Potions
 h - a potion of magic {unknown}
 o - 2 potions of brilliance
 p - 2 potions of flight
 B - a potion of mutation {unknown}
 C - a potion of stabbing {unknown}
 D - 2 potions of curing
 H - a potion of degeneration {unknown}
 L - a potion of lignification
Comestibles
 f - 4 rations


   Skills:
 * Level 6.9 Fighting
 * Level 2.9(3.1) Axes
 - Level 1.0(1.8) Polearms
 * Level 6.6 Armour
 * Level 4.8 Dodging
 - Level 1.2 Stealth
   Level 4.0 Earth Magic
 * Level 3.6 Invocations
 * Level 3.9 Evocations


You had 7 spell levels left.
You didn't know any spells.
Your spell library was empty.

Dungeon Overview and Level Annotations

Branches:
Dungeon (7/15)             Temple (1/1) D:4         Ossuary (visited)

Altars:
Cheibriados
Fedhas
Kikubaaqudgha
Makhleb
Sif Muna
Uskayaw
Yredelemnul
Zin


Innate Abilities, Weirdness & Mutations

You are resistant to damage.
You can heal yourself by infusing magical energy.
You passively map a small area around you.
You do not regenerate.


Message History

The ogre resists with significant effort.
The now-empty wand crumbles to dust.
The ogre closely misses you.
The orc wizard hits you but does no damage.
You are more poisoned.
You hit the orc wizard.
You kill the orc wizard!
Makhleb accepts your kill.
You feel better.
You feel sick. The ogre misses you.
You barely miss the ogre.
You feel sick.
You hit the ogre.
The ogre is moderately wounded.
The ogre hits you with a +0 giant club!
* * * LOW HITPOINT WARNING * * *
Evoke which item? (* to show all) (? for menu, Esc to quit)
Aiming: Iceblast
Press: ? - help, Shift-Dir - straight line, p - ogre The mass of ice explodes!
The iceblast engulfs the ogre!
The ogre is almost dead.
The ogre hits you with a +0 giant club!!
You die...

#.## #..............##...#
#..### #..............#....#
#....#####.......#..(........#
####...#.#......####..........#
..#####.........# #..........#
..# ###.......####..........##
### #....#...[###..........#
..## ##...###)O..........#####
...# #....# #.@.........## ...##
##....####..........#
....###......###.........##
........................###
........####..............##
......(.####...#####..##...#####
.....#...##..### #..####..##.#
.....#......## #..# ###..##
.....##.....# #..# ##.#


You could see an ogre.

Vanquished Creatures
  Sigmund (D:6)
  A wraith (Ossuary)
  Eustachio (D:6)
  An orc warrior (D:6)
  An ogre (D:5)
  A centaur (D:6)
  3 scorpions
  3 howler monkeys
  A crimson imp (D:5)
  2 human zombies (Ossuary)
  A bullfrog skeleton (D:6)
  2 centaur skeletons
  2 hounds
  An orc priest (D:4)
  6 orc wizards
  A gnoll shaman (D:4)
  2 worker ants (D:4)
  A hound skeleton (D:5)
  3 mummies (Ossuary)
  A worker ant zombie (D:7)
  Robin (D:2)
  5 gnolls (D:4)
  2 river rats (D:5)
  4 adders
  An ooze (D:2)
  2 worms
  2 dart slugs (D:1)
  6 leopard geckos
  8 orcs
  5 ball pythons
  5 bats
  3 giant cockroaches
  6 hobgoblins
  8 jackals
  3 quokkas
  4 frilled lizards
  A giant cockroach zombie (D:5)
  11 goblins (D:2)
  4 goblin zombies (Ossuary)
  A hobgoblin zombie (Ossuary)
  10 kobolds
  5 kobold zombies (Ossuary)
  A leopard gecko skeleton (D:4)
  An orc zombie (Ossuary)
  A quokka zombie (D:5)
  11 rats
  A spectral orc (D:5)
147 creatures vanquished.

Notes
Turn   | Place    | Note
-------+----------+-------------------------------------------
     0 | D:1      | Steadysplat the Deep Dwarf Wanderer began the quest for the
                  | Orb.
     0 | D:1      | Steadysplat set off with the following items: a +2 spear, a
                  | scroll of teleportation, a potion of curing, a +0 robe, a
                  | ration
     0 | D:1      | Reached XP level 1. HP: 21/21 MP: 2/2
   280 | D:1      | Reached XP level 2. HP: 23/30 MP: 3/3
   644 | D:1      | Reached XP level 3. HP: 25/37 MP: 4/4
   801 | D:2      | Noticed Robin
   809 | D:2      | Reached skill level 1 in Dodging
   838 | D:2      | Killed Robin
   841 | D:2      | Reached XP level 4. HP: 20/45 MP: 5/5
  1620 | D:2      | Reached skill level 5 in Fighting
  1844 | D:3      | Found a blossoming altar of Fedhas.
  2171 | D:3      | Reached skill level 1 in Armour
  2286 | D:4      | Reached skill level 1 in Axes
  2334 | D:4      | Reached XP level 5. HP: 17/52 MP: 5/5
  2592 | D:4      | Found a staircase to the Ecumenical Temple.
  2597 | Temple   | Entered the Ecumenical Temple
  2619 | Temple   | Became a worshipper of Makhleb the Destroyer
  2705 | D:4      | Reached XP level 6. HP: 23/61 MP: 6/6
  2875 | D:4      | Reached skill level 1 in Invocations
  3091 | D:5      | Entered Level 5 of the Dungeon
  3555 | D:4      | HP: 2/62 [gnoll/+0 flail (7)]
  3586 | D:4      | Reached XP level 7. HP: 31/68 MP: 4/4
  3693 | D:5      | Reached skill level 5 in Armour
  3892 | D:5      | Reached * piety under Makhleb
  4010 | D:5      | Found a basalt altar of Yredelemnul.
  4311 | D:6      | Found a sand-covered staircase.
  4315 | Ossuary  | Entered an ossuary
  4315 | Ossuary  | Noticed a wraith
  4315 | Ossuary  | Noticed a wraith
  4315 | Ossuary  | Noticed a wraith
  4549 | Ossuary  | Noticed a wraith
  4574 | Ossuary  | Killed a wraith
  4574 | Ossuary  | Reached XP level 8. HP: 46/76 MP: 6/6
  4881 | D:5      | Reached ** piety under Makhleb
  5467 | D:6      | Noticed Eustachio
  5487 | D:6      | Noticed Sigmund
  5488 | D:6      | Killed Eustachio
  5491 | D:6      | Killed Sigmund
  5998 | D:6      | Slain by an ogre

Illustrated notes

Levels and vault maps discovered:
D:1:      zelgadis_glass_arrival_small, layout_basic
D:2:      layout_rooms, serial_bayou_pond_e, uniq_robin
D:3:      layout_basic, fedhas_altar_1
D:4:      layout_loops_ring, temple_statues, first_ration
D:5:      layout_rooms, yredelemnul_forgotten_temple_becter,
          portal_sewer_entry_e
D:6:      layout_layer_cave, enter_ossuary_5, uniq_eustachio, uniq_sigmund
D:7:      layout_basic, lemuel_another_geyser
Temple:   regret_index_temple_sigil_plot

Skill      XL: |  1  2  3  4  5  6  7  8 |
---------------+-------------------------+-----
Fighting       | 4 5 6 |  6.9
Dodging        | 1 2 3 4 |  4.8
Armour         | 1 3 4 5 6 |  6.6
Axes           | 1 2 |  2.9
Evocations     | 2 3 |  3.9
Invocations    | 1 2 3 |  3.6
Polearms       | |  1.0
Stealth        | |  1.2
Earth Magic    | |  4.0

Action                   |  1- 3 |  4- 6 |  7- 9 || total
-------------------------+-------+-------+-------++-------
Melee: Spear             |   113 |   279 |   379 ||   771
Throw: Dart              |       |     5 |       ||     5
 Abil: Heal Wounds       |       |     7 |     3 ||    10
Evoke: Wand              |       |     2 |    10 ||    12
  Use: Potion            |       |     6 |     4 ||    10
       Scroll            |       |     5 |     6 ||    11
 Stab: Paralysed         |       |     7 |    27 ||    34
  Eat: Chunk             |       |     5 |     5 ||    10
       Ration            |       |     1 |     1 ||     2
Armor: Ring mail         |    29 |    93 |    95 ||   217
       Robe              |     3 |       |       ||     3
Dodge: Dodged            |    54 |   160 |   203 ||   417
